[Event "Titled Tuesday Blitz June 27 Late 2023"]
[White "Terry, Renato"]
[Black "Kavutskiy, Konstantin"]
[WhiteFideId "3803457"]
[BlackFideId "2026384"]
[WhiteElo "3004"]
[BlackElo "2635"]
[Result "1-0"]
[Round "2"]
[TimeControl "180+2"]
[Date "2023.06.27"]
[WhiteClock "0:00:10"]
[BlackClock "0:00:04"]
[Board "14"]

1. e4 c5 2. Nf3 Nc6 3. Bb5 g6 4. c3 Bg7 5. O-O Nf6 6. Re1 O-O 7. h3 e5 8. d3 d6 9. a4 a6 10. Bxc6 bxc6 11. Nbd2 Rb8 12. Nc4 Be6 13. a5 h6 14. Qa4 Qc7 15. Nfd2 Nd7 16. Nf1 d5 17. Ncd2 c4 18. dxc4 Nc5 19. Qa3 Nxe4 20. cxd5 cxd5 21. Nxe4 dxe4 22. Rxe4 Bd5 23. Re1 f5 24. Ne3 Ba8 25. Qa2+ Kh7 26. Nd5 Qc6 27. c4 e4 28. Rb1 Rfc8 29. b3 Qe6 30. Rd1 Rd8 31. Bf4 Rbc8 32. Nc7 Rxd1+ 33. Rxd1 Rxc7 34. Bxc7 e3 35. fxe3 Qxe3+ 36. Qf2 Qxb3 37. Rd7 Qb1+ 38. Kh2 Qe4 39. Bb6 Kg8 40. Bd4 Bxd4 41. Rxd4 Qe5+ 42. Qf4 Qxf4+ 43. Rxf4 Kf7 44. Rd4 Ke6 45. Rd8 Be4 46. Kg3 g5 47. Kf2 f4 48. Rh8 Ke5 49. Rxh6 Bd3 50. Rxa6 Bxc4 51. Rb6 Bd5 52. a6 1-0


[Site "https://www.chess.com"]

[Event "Titled Tuesday Blitz June 27 Late 2023"]
[White "cafu1950"]
[Black "Martinez Alcantara, Jose Eduardo"]
[BlackFideId "3805662"]
[WhiteElo "2631"]
[BlackElo "3003"]
[Result "0-1"]
[Round "2"]
[TimeControl "180+2"]
[Date "2023.06.27"]
[WhiteClock "0:01:23"]
[BlackClock "0:02:09"]
[Board "15"]

1. d4 Nf6 2. Nc3 e6 3. Bf4 d5 4. Nb5 Bb4+ 5. c3 Ba5 6. b4 Bb6 7. a4 a6 8. Na3 c6 9. e3 Bc7 10. Ne2 Nbd7 11. Bxc7 Qxc7 12. Ng3 O-O 13. Bd3 e5 14. dxe5 Nxe5 15. Bc2 Re8 16. O-O g6 17. h3 c5 18. Rc1 b6 19. Bb3 Bb7 20. b5 a5 21. Nc2 Rad8 22. Ne1 Ne4 23. Ne2 Qe7 24. Bc2 Nc4 25. Bd3 Ncd2 26. Nf4 Nxf1 27. Bxf1 Nxf2 28. Qf3 Ne4 29. Ned3 Nxc3 0-1


[Site "https://www.chess.com"]

[Event "Titled Tuesday Blitz June 27 Late 2023"]
[White "Sargsyan, Shant"]
[Black "Zeynalli, Rashad"]
[WhiteFideId "13306766"]
[BlackFideId "13403320"]
[WhiteElo "2998"]
[BlackElo "2625"]
[Result "1-0"]
[Round "2"]
[TimeControl "180+2"]
[Date "2023.06.27"]
[WhiteClock "0:00:52"]
[BlackClock "0:00:13"]
[Board "16"]

1. c4 e6 2. g3 Nf6 3. Bg2 d5 4. Nf3 Be7 5. O-O O-O 6. b3 d4 7. e3 c5 8. exd4 cxd4 9. Ne5 Nfd7 10. Nd3 Na6 11. Re1 Nac5 12. Nxc5 Nxc5 13. d3 a5 14. Na3 f6 15. Nb5 e5 16. f4 Bd6 17. Ba3 Rb8 18. Qh5 g6 19. Qf3 Be6 20. Nxd4 Qb6 21. Qe3 Bd7 22. fxe5 Bxe5 23. Nf3 Bd6 24. d4 Nxb3 25. Qxb3 1-0


[Site "https://www.chess.com"]

[Event "Titled Tuesday Blitz June 27 Late 2023"]
[White "Stark, Lars"]
[Black "Galperin, Platon"]
[WhiteFideId "4676386"]
[BlackFideId "14165414"]
[WhiteElo "2623"]
[BlackElo "2997"]
[Result "0-1"]
[Round "2"]
[TimeControl "180+2"]
[Date "2023.06.27"]
[WhiteClock "0:00:00"]
[BlackClock "0:00:21"]
[Board "17"]

1. c4 Nf6 2. g3 g6 3. Bg2 Bg7 4. Nc3 O-O 5. e4 e6 6. Nge2 Na6 7. d4 d5 8. e5 Nd7 9. cxd5 exd5 10. Nxd5 c5 11. O-O cxd4 12. f4 Ndc5 13. Nxd4 Ne6 14. Be3 Nac7 15. Nxe6 Bxe6 16. Nc3 Qc8 17. Rc1 Rd8 18. Qf3 Qd7 19. Rfd1 Qe7 20. Qxb7 Rab8 21. Qxa7 Bf8 22. Ne4 Rxd1+ 23. Rxd1 Rxb2 24. Bc5 Rxa2 25. Bxe7 Rxa7 26. Rd8 Ra1+ 27. Kf2 Ra2+ 28. Kf3 Ra3+ 29. Kf2 Ra2+ 30. Nd2 Rxd2+ 31. Rxd2 Bxe7 32. Rb2 Bc5+ 33. Ke2 Bg1 34. h3 h5 35. Rb7 Nd5 36. Rb8+ Kg7 37. Kf1 Ba7 38. Rb7 Ne3+ 39. Kg1 Bd4 40. Kh2 Nxg2 41. Kxg2 Bd5+ 0-1


[Site "https://www.chess.com"]

[Event "Titled Tuesday Blitz June 27 Late 2023"]
[White "Bortnyk, Olexandr"]
[Black "TimGrutter03"]
[WhiteFideId "14120828"]
[WhiteElo "2983"]
[BlackElo "2621"]
[Result "1-0"]
[Round "2"]
[TimeControl "180+2"]
[Date "2023.06.27"]
[WhiteClock "0:01:19"]
[BlackClock "0:00:01"]
[Board "18"]

1. d4 g6 2. Bf4 Bg7 3. e3 d6 4. Nf3 Nd7 5. h3 a6 6. Nbd2 b5 7. a4 b4 8. a5 Ngf6 9. Bc4 O-O 10. O-O c5 11. Qe2 Bb7 12. c3 bxc3 13. bxc3 Nd5 14. Bxd5 Bxd5 15. e4 Bb7 16. Rfb1 Qc8 17. Qe3 Rb8 18. Bh6 Qc7 19. Re1 Nf6 20. Bxg7 Kxg7 21. e5 Nd5 22. Qg5 cxd4 23. cxd4 dxe5 24. dxe5 e6 25. Ne4 Qe7 26. Qg3 Rfd8 27. Nd6 Ba8 28. Ra4 Rb4 29. Rxb4 Nxb4 30. Nd4 Nc6 31. N4f5+ exf5 32. Nxf5+ Kf8 33. Nxe7 Nxe7 34. e6 Nf5 35. Qc7 1-0


[Site "https://www.chess.com"]

[Event "Titled Tuesday Blitz June 27 Late 2023"]
[White "Jarmula, Lukasz"]
[Black "Yoo, Christopher Woojin"]
[WhiteFideId "1160664"]
[BlackFideId "30909694"]
[WhiteElo "2621"]
[BlackElo "2981"]
[Result "0-1"]
[Round "2"]
[TimeControl "180+2"]
[Date "2023.06.27"]
[WhiteClock "0:00:13"]
[BlackClock "0:00:07"]
[Board "19"]

1. b3 e5 2. Bb2 Nc6 3. c4 g6 4. Nf3 Bg7 5. e3 d6 6. Be2 f5 7. d4 e4 8. Ng1 Nf6 9. Nh3 O-O 10. Nc3 h6 11. Nf4 g5 12. Nfd5 Nxd5 13. Nxd5 Be6 14. h4 f4 15. Bg4 Bxd5 16. cxd5 Nb4 17. O-O gxh4 18. Be6+ Kh8 19. Qg4 Qg5 20. Qh3 Nd3 21. Bc3 c6 22. dxc6 bxc6 23. Bd2 c5 24. exf4 Nxf4 25. Bxf4 Rxf4 26. dxc5 Bxa1 27. Rxa1 Qxc5 28. Rd1 Qxf2+ 29. Kh1 e3 30. Bd5 Raf8 31. Qe6 R4f6 32. Qe7 e2 33. Ra1 Qf1+ 34. Kh2 Qxa1 35. Be4 Qe5+ 0-1


[Site "https://www.chess.com"]

[Event "Titled Tuesday Blitz June 27 Late 2023"]
[White "Korobov, Anton"]
[Black "Martinez Ramirez, Lennis"]
[WhiteFideId "14105730"]
[BlackFideId "3509079"]
[WhiteElo "2973"]
[BlackElo "2618"]
[Result "1-0"]
[Round "2"]
[TimeControl "180+2"]
[Date "2023.06.27"]
[WhiteClock "0:01:45"]
[BlackClock "0:00:06"]
[Board "20"]

1. d4 Nf6 2. c4 e6 3. Nf3 d5 4. Nc3 dxc4 5. e4 b5 6. e5 Nd5 7. Nxb5 Nb6 8. Be2 Bb7 9. O-O Be7 10. Be3 O-O 11. Rc1 Bd5 12. Nc3 c6 13. Qc2 N8d7 14. Rfd1 a5 15. h4 Bxh4 16. g3 Be7 17. Kg2 f6 18. exf6 Nxf6 19. Rh1 g6 20. Nxd5 Qxd5 21. Rh4 Nh5 22. Re4 Rf6 23. Re5 Qd7 24. Rh1 Raf8 25. Rexh5 gxh5 26. Rxh5 Bd6 27. Ne5 Bxe5 28. dxe5 Rf5 29. Rxf5 Rxf5 30. Bxb6 Qd5+ 31. Kg1 Rxe5 32. Be3 Re4 33. Bf3 1-0


[Site "https://www.chess.com"]

[Event "Titled Tuesday Blitz June 27 Late 2023"]
[White "Piesik, Piotr"]
[Black "Sanal, Vahap"]
[WhiteFideId "1136194"]
[BlackFideId "6300545"]
[WhiteElo "2616"]
[BlackElo "2971"]
[Result "0-1"]
[Round "2"]
[TimeControl "180+2"]
[Date "2023.06.27"]
[WhiteClock "0:00:43"]
[BlackClock "0:00:50"]
[Board "21"]

1. Nf3 d6 2. d4 c5 3. c3 Nd7 4. g3 Ngf6 5. Bg2 g6 6. O-O Bg7 7. Re1 d5 8. dxc5 Nxc5 9. Be3 Ne6 10. Nd4 O-O 11. Nxe6 fxe6 12. Bd4 Qd6 13. f4 Ng4 14. Bxg7 Kxg7 15. Qd4+ e5 16. fxe5 Qxe5 17. Qxe5+ Nxe5 18. Bxd5 Bh3 19. Bg2 Bxg2 20. Kxg2 Nc4 21. e4 Rad8 22. b3 Ne5 23. a4 Nd3 24. Re2 Nc1 25. Rb2 Rd1 26. Na3 Rff1 27. Nb5 Rg1+ 28. Kh3 h5 29. Nd4 g5 30. Rf2 Nd3 31. Ne6+ Kg6 32. Raa2 Nxf2+ 33. Rxf2 Rgf1 34. Re2 b6 35. c4 Rde1 36. Rd2 Rxe4 37. Nd4 Rg1 38. Ne2 Rh4+ 0-1


[Site "https://www.chess.com"]

[Event "Titled Tuesday Blitz June 27 Late 2023"]
[White "Kevlishvili, Robby"]
[Black "Andrej2004"]
[WhiteFideId "1040634"]
[WhiteElo "2960"]
[BlackElo "2614"]
[Result "1-0"]
[Round "2"]
[TimeControl "180+2"]
[Date "2023.06.27"]
[WhiteClock "0:00:03"]
[BlackClock "0:00:04"]
[Board "22"]

1. e4 e5 2. Nf3 Nc6 3. Nc3 Nf6 4. a3 g6 5. Bc4 Bg7 6. d3 O-O 7. h3 d6 8. Be3 Be6 9. Qd2 d5 10. exd5 Nxd5 11. Bg5 f6 12. O-O Qd7 13. Bh4 Nf4 14. Bxe6+ Qxe6 15. Rfe1 Bh6 16. Qd1 Rae8 17. Bg3 Qd7 18. Ne4 Ne6 19. c4 Bg7 20. Qa4 Rd8 21. Rad1 Ncd4 22. Qxa7 Nxf3+ 23. gxf3 Nd4 24. Kg2 b6 25. Qb7 Nc6 26. Nc3 Rb8 27. Qa6 Nd4 28. Qa7 Qc6 29. Nd5 Kh8 30. Qxc7 Qe6 31. f4 Rbc8 32. Qe7 Qf5 33. Qa7 exf4 34. Bxf4 g5 35. Qxb6 gxf4 36. Qxd4 Qg6+ 37. Kh2 f5 38. Qxf4 Rb8 39. Rg1 Qe6 40. Rde1 Qf7 41. Re7 Rxb2 42. Rxf7 Rxf7 43. Rxg7 Rxg7 44. Qd4 Re2 45. Nf4 Re1 46. Nh5 Re7 47. Qd8+ Rg8 48. Qxe7 Rf8 49. Qxf8# 1-0


[Site "https://www.chess.com"]

[Event "Titled Tuesday Blitz June 27 Late 2023"]
[White "De La Villa Garcia, Jesus Maria"]
[Black "Makarian, Rudik"]
[WhiteFideId "2200040"]
[BlackFideId "44105681"]
[WhiteElo "2614"]
[BlackElo "2956"]
[Result "1-0"]
[Round "2"]
[TimeControl "180+2"]
[Date "2023.06.27"]
[WhiteClock "0:00:24"]
[BlackClock "0:00:15"]
[Board "23"]

1. c4 e6 2. g3 d5 3. Bg2 Nf6 4. Nf3 dxc4 5. Qa4+ c6 6. Qxc4 b5 7. Qc2 Bb7 8. O-O Nbd7 9. d4 c5 10. a4 Rc8 11. Qd1 b4 12. Be3 c4 13. Nbd2 Nd5 14. Bg5 f6 15. Bf4 Be7 16. e4 Nxf4 17. gxf4 O-O 18. Rc1 c3 19. bxc3 bxc3 20. Nb1 Bxe4 21. Nxc3 Bf5 22. Nh4 Bd6 23. Nb5 Bxf4 24. Rxc8 Qxc8 25. Nxf5 exf5 26. Nxa7 Qc7 27. Nb5 Bxh2+ 28. Kh1 Qb8 29. Qh5 Bf4 30. Qxf5 Rd8 31. a5 g6 32. Qe6+ Kh8 33. a6 Qxb5 34. a7 Qh5+ 35. Bh3 Nf8 36. Qxf6+ Kg8 37. Kg2 Qd5+ 38. Kg1 Ra8 39. Bg2 Bh2+ 40. Kh1 Qh5 41. Bf3 Qh3 42. Bd5+ 1-0


[Site "https://www.chess.com"]

[Event "Titled Tuesday Blitz June 27 Late 2023"]
[White "Indjic, Aleksandar"]
[Black "lagarto93"]
[WhiteFideId "911925"]
[WhiteElo "2951"]
[BlackElo "2607"]
[Result "1-0"]
[Round "2"]
[TimeControl "180+2"]
[Date "2023.06.27"]
[WhiteClock "0:00:15"]
[BlackClock "0:00:22"]
[Board "24"]

1. e4 e6 2. d4 d5 3. Nc3 Nf6 4. e5 Nfd7 5. Nce2 c5 6. c3 Nc6 7. Nf3 cxd4 8. cxd4 f5 9. Nf4 Nb6 10. h4 Qe7 11. a3 Bd7 12. Bd3 Rg8 13. Be3 g6 14. b4 h6 15. Rc1 Qf7 16. Ne2 a5 17. b5 Nd8 18. a4 Bb4+ 19. Kf1 Qg7 20. g3 Nf7 21. Nf4 Be7 22. Rc7 Rb8 23. Kg2 Bd8 24. Qc2 Na8 25. Rc5 Nb6 26. Bd2 Ra8 27. Re1 Rh8 28. Rc7 g5 29. Nh5 Qg6 30. Nf6+ Bxf6 31. exf6 gxh4 32. Nxh4 Qxf6 33. Rxb7 Nc8 34. Nxf5 Ncd6 35. Nxd6+ Nxd6 36. Rxd7 Kxd7 37. Qc6+ Ke7 38. Qc7+ Kf8 39. Qxd6+ Kg7 40. Bf4 Rhd8 41. Qc7+ Qf7 42. Be5+ Kg8 43. Qc1 Qh5 44. Rh1 Qg5 45. Qxg5+ hxg5 46. Bg6 Kf8 47. Bf6 1-0


[Site "https://www.chess.com"]

[Event "Titled Tuesday Blitz June 27 Late 2023"]
[White "Rasulov, Vugar"]
[Black "HamedWafa4"]
[WhiteFideId "13402390"]
[WhiteElo "2940"]
[BlackElo "2602"]
[Result "0-1"]
[Round "2"]
[TimeControl "180+2"]
[Date "2023.06.27"]
[WhiteClock "0:00:28"]
[BlackClock "0:00:29"]
[Board "25"]

1. d4 Nf6 2. c4 e6 3. Nf3 Bb4+ 4. Nbd2 O-O 5. g3 b6 6. Bg2 Bb7 7. O-O a5 8. Nb1 Be7 9. Re1 d6 10. Nc3 Ne4 11. Bd2 Nd7 12. d5 Nxd2 13. Qxd2 e5 14. e4 Bc8 15. h4 Nc5 16. Qe3 f5 17. exf5 Bxf5 18. Nd2 Qe8 19. Nde4 Nxe4 20. Nxe4 Qg6 21. Ng5 Bxg5 22. Qxg5 Qxg5 23. hxg5 a4 24. Rac1 Kf7 25. f4 exf4 26. gxf4 Rfe8 27. Kf2 Rxe1 28. Rxe1 Re8 29. Rc1 Be4 30. Bh3 Bd3 31. Be6+ Kg6 32. Bg4 Re4 33. Kg3 Rxc4 34. Re1 Bf5 35. Bxf5+ Kxf5 36. Re7 Kg6 37. Kg4 h5+ 38. Kf3 Kf5 39. Rf7+ Kg6 40. Re7 b5 41. b3 axb3 42. axb3 Rc3+ 43. Ke4 h4 44. f5+ Kxg5 45. Rxg7+ Kf6 46. Rg6+ Kf7 47. Rh6 Rxb3 48. Kf4 Rb1 49. Rh7+ Kf6 50. Rxc7 Rf1+ 51. Ke4 Rxf5 52. Rc6 Re5+ 53. Kd4 Rh5 54. Rxd6+ Ke7 55. Re6+ Kd7 56. Kc5 h3 57. Rd6+ Ke7 58. Re6+ Kf7 59. Re1 h2 60. Rh1 Ke7 61. Kc6 Kd8 62. d6 b4 63. d7 Rh6+ 64. Kd5 b3 65. Ke4 b2 66. Kf3 b1=Q 67. Rxb1 h1=Q+ 68. Rxh1 Rxh1 69. Ke4 Rh7 70. Kd5 Rxd7+ 71. Ke5 Ke7 72. Kf5 Rd5+ 73. Ke4 Ke6 74. Kf3 Kf5 75. Kf2 Rd3 76. Ke2 Ke4 77. Kf2 Re3 78. Kg2 Kf4 79. Kf1 Kf3 80. Kg1 Kg3 81. Kf1 Re4 82. Kg1 Re1# 0-1


[Site "https://www.chess.com"]

[Event "Titled Tuesday Blitz June 27 Late 2023"]
[White "Sun, Rick"]
[Black "Sjugirov, Sanan"]
[WhiteFideId "30909481"]
[BlackFideId "4189302"]
[WhiteElo "2602"]
[BlackElo "2938"]
[Result "0-1"]
[Round "2"]
[TimeControl "180+2"]
[Date "2023.06.27"]
[WhiteClock "0:00:00"]
[BlackClock "0:00:03"]
[Board "26"]

1. d4 Nf6 2. Nc3 d5 3. Bf4 Bf5 4. e3 e6 5. f3 a6 6. g4 Bg6 7. h4 h5 8. g5 Nfd7 9. Bd3 Bxd3 10. Qxd3 g6 11. O-O-O Bg7 12. e4 Nb6 13. Be5 Bxe5 14. dxe5 c6 15. exd5 cxd5 16. Ne4 Nc6 17. Nd6+ Kf8 18. f4 Qc7 19. Nf3 Kg7 20. Rhf1 Ne7 21. Kb1 Rad8 22. Nd4 Nc4 23. b3 Nxd6 24. exd6 Rxd6 25. Rde1 Rc8 26. Re2 Kg8 27. Rfe1 Qd7 28. Kb2 Rb6 29. Ka1 a5 30. a4 Nc6 31. Nxc6 Rbxc6 32. Kb2 Qc7 33. Rd2 Qxf4 34. Re3 Qxh4 35. Rf3 Qxg5 36. Rg3 Qe5+ 37. Ka2 Rc3 38. Rxg6+ Kf8 0-1


[Site "https://www.chess.com"]

[Event "Titled Tuesday Blitz June 27 Late 2023"]
[White "Rodrigue-Lemieux, Shawn"]
[Black "MKlose11"]
[WhiteFideId "2620049"]
[WhiteElo "2937"]
[BlackElo "2600"]
[Result "1-0"]
[Round "2"]
[TimeControl "180+2"]
[Date "2023.06.27"]
[WhiteClock "0:01:11"]
[BlackClock "0:00:03"]
[Board "27"]

1. c4 Nf6 2. Nc3 c5 3. e3 g6 4. d4 cxd4 5. exd4 d5 6. cxd5 Bg7 7. Qa4+ Nbd7 8. Nf3 O-O 9. Bc4 Nb6 10. Qb3 Nxc4 11. Qxc4 b6 12. Ne5 Bb7 13. Nc6 Qd7 14. b4 a6 15. O-O Rfc8 16. Be3 Bxc6 17. dxc6 Rxc6 18. Qd3 Nd5 19. Nxd5 Qxd5 20. a4 e5 21. b5 axb5 22. Qxb5 Qxb5 23. axb5 Rcc8 24. d5 e4 25. Rxa8 Rxa8 26. Rb1 Rd8 27. Bxb6 Rxd5 28. Bc7 Be5 29. b6 Bxc7 30. bxc7 Rc5 31. Rb8+ Kg7 32. c8=Q Rxc8 33. Rxc8 1-0


[Site "https://www.chess.com"]

[Event "Titled Tuesday Blitz June 27 Late 2023"]
[White "Aldokhin, Ivan"]
[Black "Antipov, Mikhail Al."]
[WhiteFideId "24115720"]
[BlackFideId "4107012"]
[WhiteElo "2599"]
[BlackElo "2925"]
[Result "1-0"]
[Round "2"]
[TimeControl "180+2"]
[Date "2023.06.27"]
[WhiteClock "0:00:03"]
[BlackClock "0:00:01"]
[Board "28"]

1. e4 c5 2. Nf3 d6 3. d4 cxd4 4. Nxd4 Nf6 5. Nc3 a6 6. Bc4 e6 7. Bb3 Nbd7 8. O-O Nc5 9. Qf3 Be7 10. Re1 O-O 11. Qg3 Qc7 12. Bh6 Ne8 13. Rad1 Kh8 14. Bg5 f6 15. Bc1 b5 16. a3 Bd7 17. f4 Qb7 18. f5 e5 19. Bd5 Qa7 20. Nce2 exd4 21. Nf4 Be6 22. Bxa8 Qxa8 23. fxe6 Nc7 24. Qh3 Kg8 25. Rxd4 Qc8 26. Nd5 Re8 27. Nxe7+ Rxe7 28. Rxd6 N7xe6 29. Red1 h6 30. Rd8+ Qxd8 31. Rxd8+ Nxd8 32. Qc8 Nb7 33. Be3 Kf7 34. Bc5 Nxc5 35. Qxc5 Ne6 36. Qd6 Rc7 37. Qxa6 Rxc2 38. Qxb5 Kg6 39. Qf5+ Kf7 40. Qb5 Kg6 41. h4 Nd4 42. Qd3 Ne2+ 43. Kf2 Rxb2 44. Qxe2 Rb3 45. a4 Ra3 46. Qb5 h5 47. Qf5+ 1-0


[Site "https://www.chess.com"]

[Event "Titled Tuesday Blitz June 27 Late 2023"]
[White "Muradli, Mahammad"]
[Black "Atanasov, Anthony"]
[WhiteFideId "13409301"]
[BlackFideId "2623897"]
[WhiteElo "2919"]
[BlackElo "2599"]
[Result "0-1"]
[Round "2"]
[TimeControl "180+2"]
[Date "2023.06.27"]
[WhiteClock "0:00:10"]
[BlackClock "0:00:21"]
[Board "29"]

1. Nf3 d5 2. e3 c6 3. c4 Nf6 4. b3 Bf5 5. Bb2 Nbd7 6. d4 e6 7. Bd3 Bd6 8. O-O h5 9. Re1 Ne4 10. Nc3 Qf6 11. Bxe4 dxe4 12. Nd2 Bxh2+ 13. Kxh2 Qh4+ 14. Kg1 Nf6 15. f3 Ng4 16. Nf1 Qf2+ 17. Kh1 Qh4+ 18. Kg1 Qf2+ 19. Kh1 Qxb2 20. Qd2 Nf2+ 21. Kg1 Qxd2 22. Nxd2 Nd3 23. Rf1 exf3 24. Rxf3 Bg4 25. Rff1 e5 26. Nde4 exd4 27. exd4 Rd8 28. d5 f5 29. Ng5 Rh6 30. Ne6 Rxe6 31. dxe6 f4 32. a3 Bxe6 33. Rad1 g5 34. Ne4 g4 35. Nf6+ Ke7 36. Nxh5 g3 37. Rfe1 Rd7 38. Nxf4 Nxf4 39. Rxd7+ Kxd7 40. Re3 b5 41. cxb5 cxb5 42. b4 Bc4 43. Rf3 Ne2+ 44. Kh1 Kd6 45. Rf6+ Ke5 46. Ra6 Kd4 47. Rxa7 Kc3 48. a4 Kxb4 49. axb5 Kxb5 50. Re7 Kc5 51. Rxe2 Bxe2 52. Kg1 Kd4 53. Kh1 Ke3 54. Kg1 Kd2 55. Kh1 Kd1 56. Kg1 Ke1 57. Kh1 Bd3 58. Kg1 Be4 59. Kh1 Ke2 60. Kg1 Bc6 61. Kh1 Be8 62. Kg1 Bf7 63. Kh1 Bg8 64. Kg1 Bh7 65. Kh1 Bb1 66. Kg1 Ba2 67. Kh1 Bb3 68. Kg1 Ba4 69. Kh1 Bc6 70. Kg1 Bf3 71. Kh1 Kf2 0-1


[Site "https://www.chess.com"]

[Event "Titled Tuesday Blitz June 27 Late 2023"]
[White "Isajevsky, Anton"]
[Black "Suleymanli, Aydin"]
[WhiteFideId "4142500"]
[BlackFideId "13413937"]
[WhiteElo "2598"]
[BlackElo "2911"]
[Result "1-0"]
[Round "2"]
[TimeControl "180+2"]
[Date "2023.06.27"]
[WhiteClock "0:00:07"]
[BlackClock "0:00:12"]
[Board "30"]

1. c4 e6 2. Nf3 d5 3. e3 Nf6 4. Nc3 a6 5. b3 Nc6 6. Bb2 d4 7. exd4 Nxd4 8. Nxd4 Qxd4 9. Be2 h5 10. O-O Qh4 11. d4 Bd6 12. h3 Qf4 13. g3 Qf5 14. Kg2 e5 15. Rh1 exd4 16. Qxd4 Bc5 17. Qf4 Qxf4 18. gxf4 Bf5 19. Rad1 O-O 20. Bf3 c6 21. Na4 Ba7 22. Bxf6 gxf6 23. Bxh5 b5 24. Nb2 Rfe8 25. Rhe1 Rxe1 26. Rxe1 Bc5 27. Bg4 Bc2 28. Rc1 Be4+ 29. Bf3 Bxf3+ 30. Kxf3 Ba3 31. Rc2 Rd8 32. cxb5 cxb5 33. Ke4 Kg7 34. Nd3 f5+ 35. Ke3 Rd6 36. Ne5 Bb4 37. Rc7 Rf6 38. Kf3 Ba5 39. Rb7 Bc3 40. Nd7 Rd6 41. Ne5 Rf6 42. Rc7 Bd4 43. Rd7 Bb2 44. Rc7 b4 45. Rc6 Bc3 46. Rxf6 Kxf6 47. Nd3 Ke6 48. Ke3 Kd5 49. f3 a5 50. Ke2 Bf6 51. Ke3 Bd8 52. Ne5 f6 53. Nd3 Bb6+ 54. Kd2 Kd4 55. h4 Bc7 56. h5 Bd6 57. h6 Bf8 58. h7 Bg7 59. Kc2 Ke3 60. Nc5 Kxf3 61. Ne6 Bh8 62. Nf8 Bg7 63. Ng6 Ke4 64. Kd2 Kd4 65. h8=Q Bxh8 66. Nxh8 Ke4 67. Ng6 Kd4 68. Ke2 Kc3 69. Nh4 Kb2 70. Nxf5 Kxa2 71. Nd4 Ka3 72. Kd3 Kb2 73. Kc4 Kc1 74. Nc6 Kd2 75. Nxa5 Ke3 76. Kxb4 Kxf4 77. Nc4 Ke4 78. Kc5 f5 79. b4 f4 80. b5 f3 81. Nd2+ Ke3 82. Nxf3 Kxf3 83. b6 1-0


[Site "https://www.chess.com"]

[Event "Titled Tuesday Blitz June 27 Late 2023"]
[White "Grinev, Valeriy"]
[Black "Zhigalko, Sergei"]
[WhiteFideId "14117517"]
[BlackFideId "13502956"]
[WhiteElo "2596"]
[BlackElo "2901"]
[Result "1-0"]
[Round "2"]
[TimeControl "180+2"]
[Date "2023.06.27"]
[WhiteClock "0:00:32"]
[BlackClock "0:00:00"]
[Board "31"]

1. d4 Nf6 2. c4 e6 3. Nc3 Bb4 4. e3 O-O 5. Bd2 b6 6. Nf3 Bb7 7. Rc1 Bxc3 8. Bxc3 Ne4 9. Be2 d6 10. O-O Nd7 11. Be1 f5 12. Nd2 Qg5 13. Nxe4 Bxe4 14. f3 Bb7 15. Bf2 a5 16. Qa4 Rad8 17. b4 axb4 18. Qxb4 Ra8 19. a4 Bc6 20. Ra1 Ra5 21. d5 exd5 22. cxd5 Bxd5 23. Bc4 Kh8 24. Bxd5 Rxd5 25. a5 bxa5 26. Rxa5 Nc5 27. Qc4 Rd2 28. Qf7 Qd8 29. Qh5 Qb8 30. Be1 Rc2 31. h3 Qb6 32. Qxf5 Rxg2+ 33. Kxg2 Rg8 34. Bc3 h6 35. Qg6 1-0


[Site "https://www.chess.com"]

[Event "Titled Tuesday Blitz June 27 Late 2023"]
[White "Dardha, Daniel"]
[Black "ATM622"]
[WhiteFideId "240990"]
[WhiteElo "2897"]
[BlackElo "2593"]
[Result "1-0"]
[Round "2"]
[TimeControl "180+2"]
[Date "2023.06.27"]
[WhiteClock "0:01:48"]
[BlackClock "0:02:05"]
[Board "32"]

1. e4 c6 2. d4 d5 3. Nd2 dxe4 4. Nxe4 Bf5 5. Ng3 Bg6 6. N1e2 h6 7. Nf4 Bh7 8. Bc4 Nf6 9. c3 e6 10. O-O Nd5 11. Re1 Nxf4 12. Bxf4 Bd6 13. Qg4 Bxf4 14. Qxg7 Ke7 15. Rxe6+ Kd7 16. Qxf7+ Kc8 17. Qxf4 Bg8 18. Nf5 b5 19. Re8 1-0


[Site "https://www.chess.com"]

[Event "Titled Tuesday Blitz June 27 Late 2023"]
[White "Wachinger, Nikolas"]
[Black "Chigaev, Maksim"]
[WhiteFideId "12962791"]
[BlackFideId "4108116"]
[WhiteElo "2591"]
[BlackElo "2896"]
[Result "0-1"]
[Round "2"]
[TimeControl "180+2"]
[Date "2023.06.27"]
[WhiteClock "0:00:08"]
[BlackClock "0:01:09"]
[Board "33"]

1. d4 Nf6 2. Nf3 g6 3. c4 Bg7 4. e3 O-O 5. Be2 d6 6. Nc3 Nbd7 7. O-O e5 8. b4 exd4 9. Nxd4 c5 10. bxc5 dxc5 11. Ndb5 Ne5 12. Ba3 b6 13. Qxd8 Rxd8 14. Rad1 Bb7 15. Rxd8+ Rxd8 16. Nxa7 Ne4 17. Nxe4 Bxe4 18. f3 Rd2 19. Rf2 Bd3 20. Bxd3 Rxd3 21. Bc1 Nxc4 22. e4 Rd1+ 23. Rf1 Bd4+ 0-1


[Site "https://www.chess.com"]

[Event "Titled Tuesday Blitz June 27 Late 2023"]
[White "Henriquez Villagra, Cristobal"]
[Black "Vdovin, Vadim"]
[WhiteFideId "3409350"]
[BlackFideId "24107158"]
[WhiteElo "2892"]
[BlackElo "2589"]
[Result "0-1"]
[Round "2"]
[TimeControl "180+2"]
[Date "2023.06.27"]
[WhiteClock "0:00:08"]
[BlackClock "0:00:04"]
[Board "34"]

1. g3 d5 2. Bg2 Nf6 3. d3 c5 4. c4 d4 5. Nf3 h6 6. O-O Nc6 7. e4 e5 8. Nh4 g6 9. a3 a5 10. Qe1 Be7 11. f4 Ng4 12. Nf3 Bf6 13. h3 Ne3 14. Bxe3 dxe3 15. Nc3 Nd4 16. Rd1 exf4 17. gxf4 Nxf3+ 18. Rxf3 Bd4 19. Kh1 O-O 20. Qe2 Qh4 21. f5 g5 22. Nd5 b5 23. Nxe3 bxc4 24. Nxc4 Rb8 25. Qe1 Qh5 26. Rd2 Ba6 27. Nxa5 Bxb2 28. Rc2 Bd4 29. Nc6 Rb3 30. Nxd4 cxd4 31. Qg3 Rxa3 32. Kh2 Qh4 33. Qxh4 gxh4 34. Rd2 Rc8 35. Bf1 Rcc3 36. Kg2 Kf8 37. f6 Ke8 38. Kf2 Kd7 39. Rf5 Bxd3 40. Rd5+ Ke6 41. Bg2 Bb1 42. R5xd4 Ba2 43. Rd6+ Ke5 44. Rb6 Bc4 45. Rc6 Rab3 46. Rc5+ Ke6 47. e5 Rd3 48. Rc2 Rbc3 49. Rxc4 Rxc4 50. Rxc4 Rd2+ 51. Kf3 Rd3+ 52. Kf2 Rd2+ 53. Kg1 Rd1+ 54. Kh2 Kxe5 55. Rxh4 Kxf6 56. Rxh6+ Kg5 57. Rh4 Kxh4 58. Bf3 Rd2+ 59. Bg2 Rb2 60. Kg1 Kg3 61. Bd5 Rb1# 0-1


[Site "https://www.chess.com"]

[Event "Titled Tuesday Blitz June 27 Late 2023"]
[White "Rostomyan, Mikayel"]
[Black "Rustemov, Alexander"]
[WhiteFideId "13313754"]
[BlackFideId "4119002"]
[WhiteElo "2586"]
[BlackElo "2890"]
[Result "0-1"]
[Round "2"]
[TimeControl "180+2"]
[Date "2023.06.27"]
[WhiteClock "0:00:03"]
[BlackClock "0:00:08"]
[Board "35"]

1. d4 d5 2. Nf3 c6 3. c4 Nf6 4. e3 Bf5 5. Nc3 e6 6. Nh4 Be4 7. f3 Bg6 8. Qb3 Qc7 9. Bd2 Be7 10. O-O-O Nbd7 11. Nxg6 hxg6 12. h4 dxc4 13. Bxc4 b5 14. Bd3 a6 15. Kb1 c5 16. Qc2 cxd4 17. exd4 Rc8 18. Rc1 Nb6 19. Bxg6 fxg6 20. Qxg6+ Kf8 21. Ne4 Nc4 22. Rxc4 Nxe4 23. Rxc7 Nxd2+ 24. Kc2 Rxc7+ 25. Kxd2 Rh6 26. Qe4 Rd7 27. Ke2 Bf6 28. Qa8+ Kf7 29. Qxa6 Rh5 30. g4 Rhd5 31. Rd1 Bxh4 32. Kf1 Bf6 33. f4 R7d6 34. Qb7+ Rd7 35. Qc6 b4 36. Kg2 Rxd4 37. Rxd4 Rxd4 38. f5 Rxg4+ 39. Kf3 exf5 40. Qd7+ Kg6 41. Qe8+ Kg5 42. Qe3+ Kh5 43. Qe8+ Kh6 44. a4 Bxb2 45. a5 Bd4 46. a6 b3 47. Qc6+ Rg6 48. Qc1+ Kh7 49. Qh1+ Rh6 50. Qb1 b2 51. Qxf5+ Kh8 52. Qf8+ Kh7 53. Qf5+ g6 54. Qd7+ Bg7 55. Qb7 Rh1 56. a7 Ra1 57. Kg4 Ra4+ 58. Kg5 Ra5+ 59. Kg4 Rxa7 60. Qh1+ Bh6 61. Qd1 Rb7 62. Qb1 Bg7 63. Kg5 Rb5+ 64. Kg4 Bc3 65. Kh4 Kg7 66. Kg4 Re5 67. Kf4 Re1 68. Qd3 b1=Q 69. Qd7+ Kh6 70. Qh3+ Kg7 71. Qd7+ Kf8 72. Qd6+ Re7 73. Qd8+ Kf7 74. Qd5+ Kg7 75. Qd4+ Bxd4 0-1


[Site "https://www.chess.com"]